 Dungeon Crawl Stone Soup version 0.31-a0-233-g139696dc86 (webtiles) character file.

Game seed: 2205969423082352681

258 qw the Shooter (level 5, -8/46 HPs)
             Began as a Minotaur Hexslinger on July 8, 2023.
             Mangled by Blork the orc
             ... wielding a +0 scimitar of protection
              (13 damage)
             ... on level 4 of the Dungeon.
             The game lasted 00:00:50 (1835 turns).

qw the Shooter (Minotaur Hexslinger)                Turns: 1835, Time: 00:00:51

Health: -8/46      AC: -2    Str: 15    XL:     5   Next: 94%
Magic:  0/5        EV: 11    Int: 10    God:
Gold:   55         SH:  0    Dex: 21    Spells: 5/6 levels left

rFire   + . .        Y - +1 sling (flame)
rCold   + . .        (no shield)
rNeg    . . .        c - +0 ring mail of the Great Game {rF+ Str+2 Dex+3}
rPois   +            (helmet restricted)
rElec   +            (no cloak)
rCorr   +            (no gloves)
SInv    .            (no boots)
Will    .....        g - amulet of guardian spirit
Stlth   +            f - ring of resist corrosion
HPRegen 0.27/turn    i - ring of Fuachy {*Slow rElec rPois rC+ Dex+4}
MPRegen 0.09/turn

%: slow self (1%), guardian spirit
@: corroded
A: horns 2, retaliatory headbutt
a: no special abilities


You were on level 4 of the Dungeon.
You visited 1 branch of the dungeon, and saw 4 of its levels.

You collected 105 gold pieces.
You spent 50 gold pieces at shops.


Innate Abilities, Weirdness & Mutations

You have a pair of horns on your head.
You reflexively headbutt those who attack you in melee.


   Skills:
 - Level 4.2 Fighting
 + Level 5.5 Ranged Weapons
 - Level 1.2 Armour
 - Level 2.1 Dodging
 - Level 1.0 Spellcasting
 - Level 2.0 Hexes


You had 5 spell levels left.
You knew the following spells:

 Your Spells              Type           Power      Damage    Failure   Level
a - Slow                  Hex            16%        N/A       28%         1

Your spell library contained the following spells:

 Spells                   Type           Power      Damage    Failure   Level
 Inner Flame              Hex/Fire       2%         N/A       78%         3
 Portal Projectile        Hex/Tloc       4%         N/A       78%         3
 Cause Fear               Hex            2%         N/A       96%         4

Inventory:

Hand Weapons
 Y - a +1 sling of flaming (weapon)
Armour
 c - the +0 ring mail of the Great Game (worn) {rF+ Str+2 Dex+3}
   (You found it on level 2 of the Dungeon)

   Str:       It affects your strength (+2).
   Dex:       It affects your dexterity (+3).
   rF:        It protects you from fire.
Jewellery
 f - a ring of resist corrosion (left hand)
 g - an amulet of guardian spirit (around neck)
 i - the ring of Fuachy (right hand) {*Slow rElec rPois rC+ Dex+4}
   (You found it on level 3 of the Dungeon)

   [ring of protection from cold]

   Dex:       It affects your dexterity (+4).
   rC:        It protects you from cold.
   rElec:     It insulates you from electricity.
   rPois:     It protects you from poison.
   *Slow:     It may slow you when you take damage.
Scrolls
 e - a scroll of teleportation {unknown}
Potions
 a - a potion of haste
 b - a potion of lignification {unknown}
 d - a potion of enlightenment
 h - a potion of degeneration {unknown}

Dungeon Overview and Level Annotations

Branches:
Dungeon (4/15)
 Temple: D:4-7

Altars:
Vehumet

Shops:
D:2 =!

Annotations:
D:4 Blork the orc


Message History

The jelly hits you. The acid corrodes you!
You are splashed with acid.
You resist. The jelly barely misses you. You furiously retaliate!
You headbutt the jelly, but do no damage.
Blork the orc hits you with a +0 scimitar of protection.
You shoot a sling bullet.
The sling bullet hits the jelly but does no damage.
The jelly is heavily wounded.
Blork the orc misses you. The jelly hits you. The acid corrodes you!
You are splashed with acid.
You resist.
You shoot a sling bullet.
The sling bullet hits the jelly but does no damage.
The jelly is heavily wounded.
Blork the orc screams, "You are the ugliest creature I've ever seen!"
Blork the orc hits you with a +0 scimitar of protection.
The jelly hits you. The acid corrodes you!
You are splashed with acid.
You resist.
You shoot a sling bullet. The sling bullet hits the jelly.
The sling bullet burns the jelly.
You kill the jelly!
Blork the orc frowns.
Blork the orc completely misses you. You furiously retaliate!
You headbutt Blork the orc. You shoot a sling bullet.
The sling bullet barely misses Blork the orc.
Blork the orc points at you and mumbles some strange words.
The magic dart hits you.
Blork the orc hits you with a +0 scimitar of protection!
You shoot a sling bullet.
The sling bullet hits Blork the orc but does no damage.
Blork the orc is lightly wounded.
Blork the orc points at you and mumbles some strange words.
The magic dart hits you.
You shoot a sling bullet.
The sling bullet barely misses Blork the orc.
Blork the orc casts a spell.
Blork the orc seems to speed up.
You shoot a sling bullet.
The sling bullet closely misses Blork the orc.
Blork the orc hits you with a +0 scimitar of protection!
You die...

##.......?.(.....#
#.########..##.... #.#
###..##.### #.#
#....##.## #.#
##.#.###..##
#.#####..#.# ##...
#.......#..# #...
#.##..##..## #...
#@.......#######..
......%o....###.........
......!..........#####%.
.................# #..
.................# #..
.................# #(.
.................# #.>
....####.........# #.#
########## .#


You could see Blork the orc (fast).

Vanquished Creatures
  A black bear (D:4)
  A jelly (D:4)
  3 gnolls (D:2)
  5 adders
  A worm (D:2)
  A dart slug (D:2)
  4 orcs (D:3)
  6 endoplasms
  2 giant cockroaches
  4 goblins
  6 hobgoblins
  6 ball pythons
  3 bats
  5 frilled lizards
  7 kobolds
  3 rats
58 creatures vanquished.

Notes
Turn   | Place    | Note
-------+----------+-------------------------------------------
     0 | D:1      | qw the Minotaur Hexslinger began the quest for the Orb.
     0 | D:1      | Reached XP level 1. HP: 16/16 MP: 1/1
     0 | D:1      | 0 ||| qw: Version: 0.3-a-46-gb1f654a
     0 | D:1      | 0 ||| qw: Game counter: 3487
     0 | D:1      | 0 ||| qw: Melee chars always use a shield: true
     0 | D:1      | 0 ||| qw: God list: Okawaru
     0 | D:1      | 0 ||| qw: Allow faded altars: false
     0 | D:1      | 0 ||| qw: Do Orc after clearing Dungeon:15 true
     0 | D:1      | 0 ||| qw: Do second Lair branch before Depths: true
     0 | D:1      | 0 ||| qw: Lair rune preference: random
     0 | D:1      | 0 ||| qw: Goals: Normal
     0 | D:1      | 0 ||| PLANNING D:1-11
    22 | D:1      | 22 ||| FLEEEEING.
    29 | D:1      | 29 ||| FLEEEEING.
    30 | D:1      | 30 ||| FLEEEEING.
    31 | D:1      | 31 ||| FLEEEEING.
    32 | D:1      | 32 ||| FLEEEEING.
    33 | D:1      | 33 ||| FLEEEEING.
   319 | D:1      | Reached skill level 3 in Ranged Weapons
   325 | D:1      | Reached XP level 2. HP: 23/23 MP: 2/2
   617 | D:1      | 617 ||| UPGRADING to +0 leather armour.
   627 | D:1      | 627 ||| DROPPING +0 robe.
   628 | D:1      | 628 ||| READING scroll labelled QUEPAEGEHE.
   629 | D:1      | 629 ||| DROPPING scroll of poison.
   678 | D:2      | 678 ||| STAIRDANCE
   805 | D:2      | Identified the +0 ring mail of the Great Game {rF+ Str+2
                  | Dex+3}
   842 | D:2      | You fall into a shaft and drop 1 floor!
   890 | D:3      | Reached XP level 3. HP: 29/29 MP: 3/3
   901 | D:3      | Found a radiant altar of Vehumet.
  1057 | D:3      | Reached skill level 4 in Ranged Weapons
  1141 | D:3      | Identified the ring of Fuachy {*Slow rElec rPois rC+ Dex+4}
  1234 | D:3      | 1234 ||| UPGRADING to +0 ring mail of the Great Game {rF+
                  | Str+2 Dex+3}.
  1244 | D:3      | 1244 ||| DROPPING +0 leather armour.
  1245 | D:3      | 1245 ||| UPGRADING to amulet of guardian spirit.
  1250 | D:3      | 1250 ||| UPGRADING to ring of resist corrosion.
  1251 | D:3      | 1251 ||| DROPPING ring of flight.
  1252 | D:3      | 1252 ||| UPGRADING to ring of Fuachy {*Slow rElec rPois rC+
                  | Dex+4}.
  1253 | D:3      | 1253 ||| READING scroll labelled FEZUOMN LITIO.
  1254 | D:3      | 1254 ||| DRINKING 2 murky amethyst potions.
  1255 | D:3      | 1255 ||| DRINKING 2 coppery potions.
  1256 | D:3      | 1256 ||| DROPPING potion of attraction.
  1286 | D:2      | Found Uggineule's One-of-a-Kind Rings.
  1297 | D:2      | Reached XP level 4. HP: 36/36 MP: 4/4
  1302 | D:2      | 1302 ||| SHOPLISTING +2 ring of protection (100 gold, have
                  | 70).
  1302 | D:2      | 1302 ||| SHOPLISTING +5 ring of protection (550 gold, have
                  | 70).
  1302 | D:2      | 1302 ||| SHOPLISTING +9 ring of strength (780 gold, have
                  | 70).
  1302 | D:2      | 1302 ||| SHOPLISTING ring "Kehae" {Ice Will+ Str+9 Int+2
                  | Dex-3} (544 gold, have 70).
  1325 | D:2      | Reached skill level 1 in Armour
  1367 | D:2      | Found Dalio's Distillery.
  1380 | D:2      | 1380 ||| SHOPLISTING 2 potions of cancellation (160 gold,
                  | have 70).
  1380 | D:2      | 1380 ||| BUYING potion of enlightenment (50 gold).
  1380 | D:2      | Bought a potion of enlightenment for 50 gold pieces
  1380 | D:2      | 1380 ||| SHOPLISTING potion of might (40 gold, have 20).
  1380 | D:2      | 1380 ||| SHOPLISTING potion of resistance (100 gold, have
                  | 20).
  1460 | D:2      | Reached skill level 5 in Ranged Weapons
  1512 | D:2      | 1512 ||| READING scroll labelled FOIKAREQAWN.
  1513 | D:2      | 1513 ||| READING scroll labelled BIEX IROM QIHI.
  1734 | D:3      | 1734 ||| READING scroll labelled DUABI HAORHIS.
  1818 | D:4      | Noticed a black bear
  1822 | D:4      | Noticed Blork the orc
  1823 | D:4      | Killed a black bear
  1824 | D:4      | Reached XP level 5. HP: 44/46 MP: 3/5
  1832 | D:4      | HP: 9/46 [Blork the orc/+0 scimitar of protection (8)]
  1833 | D:4      | HP: 4/46 [Blork the orc/magic dart (5)]
  1835 | D:4      | Mangled by Blork the orc

Levels and vault maps discovered:
D:1:      elethiomel_arrival_quiet, layout_loops_cross
D:2:      layout_rooms, serial_shops, shop, chequers_serial_rivers_small_3,
          nicolae_shop_unique_rings
D:3:      layout_basic, vehumet_altar_wand_db
D:4:      old_forge, layout_rooms, serial_curves, eino_curves_04,
          eino_curves_03, uniq_blork_the_orc

Skill      XL: |  1  2  3  4 |
---------------+-------------+-----
Ranged Weapons | 3 4 5 |  5.5
Fighting       | 2 4 |  4.2
Armour         | 1 |  1.2
Dodging        | |  2.1
Spellcasting   | |  1.0
Hexes          | |  2.0

Action                     |  1- 3 |  4- 6 || total
---------------------------+-------+-------++-------
   Fire: Sling             |   112 |    56 ||   168
    Use: Scroll            |     2 |     3 ||     5
         Potion            |     2 |       ||     2
 Armour: Robe              |     3 |       ||     3
         Leather armour    |     3 |       ||     3
         Ring mail         |     2 |    12 ||    14
  Dodge: Dodged            |    37 |    15 ||    52

Table legend:
 A = Non-vault XP
 B = Vault XP
 C = Vault XP percentage of total XP
 D = Non-vault monster count
 E = Vault monster count
 F = Vault count percentage of total count
                 A         B        C        D         E       F
            +---------+---------+-------+---------+---------+-------
      Total |     367 |       2 |   0.5 |      57 |       1 |   1.7
            +---------+---------+-------+---------+---------+-------
        D:1 |      20 |       0 |   0.0 |      14 |       0 |   0.0
        D:2 |      88 |       0 |   0.0 |      18 |       0 |   0.0
        D:3 |      62 |       2 |   3.1 |      21 |       1 |   4.5
        D:4 |     197 |       0 |   0.0 |       4 |       0 |   0.0
            +---------+---------+-------+---------+---------+-------
